 Dungeon Crawl Stone Soup version 0.20-a0-870-g4070442 (console) character file.

115 hittembot the Shield-Bearer (level 4, -3/40 HPs)
             Began as a Minotaur Fighter on Mar 13, 2017.
             Slain by a gnoll (5 damage)
             ... on level 3 of the Dungeon.
             The game lasted 00:01:28 (1914 turns).

hittembot the Shield-Bearer (Minotaur Fighter)      Turns: 1914, Time: 00:01:28

Health: -3/40      AC:  7    Str: 21    XL:     4   Next: 68%
Magic:  3/3        EV:  8    Int:  5    God:
Gold:   79         SH:  9    Dex: 10    Spells: 3/3 levels left

rFire    . . .     SeeInvis .   a - +0 war axe
rCold    . . .     Gourm    .   b - +0 scale mail
rNeg     . . .     Faith    .   c - +0 shield
rPois    .         Spirit   .   (helmet restricted)
rElec    .         Reflect  .   (no cloak)
rCorr    .         Harm     .   (no gloves)
MR       .....                  (no boots)
Stlth    ..........             (no amulet)
Regen    0.2/turn               (no ring)
MPRegen  0.1/turn               (no ring)

@: no status effects
A: retaliatory headbutt, horns 2
a: no special abilities


You were on level 3 of the Dungeon.
You were not hungry.

You visited 1 branch of the dungeon, and saw 3 of its levels.

You collected 79 gold pieces.

Inventory:

Hand Weapons
 a - a +0 war axe (weapon)
Armour
 b - a +0 scale mail (worn)
 c - a +0 shield (worn)
Scrolls
 j - 3 scrolls of recharging {unknown}
 k - a scroll of teleportation {unknown}
 l - a scroll of fear {unknown}
 m - a scroll of blinking {unknown}
 n - 2 scrolls of identify {unknown}
Potions
 d - a potion of might
 e - 2 potions of curing {unknown}
 g - a potion of lignification {unknown}
 o - a potion of heal wounds {unknown}
Comestibles
 f - 4 bread rations
 h - 2 royal jellies
 i - a meat ration
 p - 2 chunks of flesh


   Skills:
 + Level 3.9 Fighting
 + Level 3.7 Axes
 + Level 4.4 Armour
 + Level 1.3 Dodging
 + Level 0.5 Stealth
 + Level 4.5 Shields


You had 3 spell levels left.
You didn't know any spells.

Dungeon Overview and Level Annotations

Branches:
Dungeon (3/15)

Altars:
Ashenzari
Dithmenos
Elyvilon
Hepliaklqana
Okawaru

Annotations:
D:3 Jessica


Innate Abilities, Weirdness & Mutations

You reflexively headbutt those who attack you in melee.
You have a pair of horns on your head.


Message History

The gnoll is moderately wounded.
You hit the hobgoblin. You barely miss the gnoll.
You block the hobgoblin's attack.
The gnoll hits you from afar with a spear.
You block the gnoll's attack. The gnoll completely misses you.
You furiously retaliate!
You headbutt the gnoll. You slash the hobgoblin!
You kill the hobgoblin!
You closely miss the gnoll. You hit the gnoll. The gnoll barely misses you.
You block the gnoll's attack. The gnoll closely misses you.
The gnoll hits you from afar with a spear.
* * * LOW HITPOINT WARNING * * *
The gnoll hits you but does no damage.
You barely miss the gnoll.
The gnoll is heavily wounded.
You closely miss the gnoll. You block the gnoll's attack. x2
The gnoll hits you.
* * * LOW HITPOINT WARNING * * *
Jessica hits you but does no damage. The gnoll hits you.
You die...

#........# #.##
#######...)....###'##
....................
#.#.#..............
######.._...............
.......#.#.............#
..........######'####+#.
......)...# #[# #...
......)@..# #.# ###.
######gg@.# #.# #..
.g......# #.# #..
#........# #.# #..
#........# #.# #..
..........# #.# #<.
...........# #..
............# ###


You could see 3 gnolls and Jessica.

Vanquished Creatures
  A gnoll (D:3)
  5 adders (D:2)
  2 oozes
  2 worms (D:2)
  A dart slug (D:2)
  2 giant cockroaches
  4 hobgoblins
  4 jackals (D:1)
  2 quokkas (D:2)
  7 bats
  4 frilled lizards
  6 goblins
  2 kobolds (D:1)
  7 rats
49 creatures vanquished.

Notes
Turn   | Place    | Note
-------+----------+-------------------------------------------
     0 | D:1      | hittembot the Minotaur Fighter began the quest for the Orb.
     0 | D:1      | Reached XP level 1. HP: 19/19 MP: 0/0
    67 | D:1      | Reached XP level 2. HP: 22/27 MP: 1/1
   208 | D:1      | Found an iron altar of Okawaru.
   728 | D:2      | Reached XP level 3. HP: 25/33 MP: 2/2
  1191 | D:2      | Reached skill level 1 in Dodging
  1325 | D:2      | Reached XP level 4. HP: 40/40 MP: 3/3
  1677 | D:2      | Found a shadowy altar of Dithmenos.
  1679 | D:2      | Found a hazy altar of Hepliaklqana.
  1680 | D:2      | Found a white marble altar of Elyvilon.
  1707 | D:2      | Found a faded altar of an unknown god.
  1901 | D:3      | Found a shattered altar of Ashenzari.
  1911 | D:3      | Noticed Jessica
  1914 | D:3      | HP: 2/40 [gnoll (6)]
  1914 | D:3      | Slain by a gnoll

Vault maps used:
D:1:      dpeg_arrival_rhombi, moated_statue, okawaru_ov_weapons_minmay
D:2:      minitemple, chequers_ecumenical_altar_lobes, first_bread
D:3:      lemuel_crystal_altar, uniq_jessica

Skill      XL: |  1  2  3 |
---------------+----------+-----
Armour         | 4 |  4.4
Axes           | 3 |  3.7
Shields        | 4 |  4.5
Dodging        | 1 |  1.3
Fighting       | |  3.9
Stealth        | |  0.5

Action                   |  1- 3 |  4- 6 || total
-------------------------+-------+-------++-------
Melee: War axe           |    66 |    28 ||    94
       Headbutt          |     8 |     3 ||    11
  Eat: Chunk             |     1 |     2 ||     3
Armor: Scale mail        |    34 |    12 ||    46
Dodge: Dodged            |    35 |    13 ||    48
Block: Shield            |    39 |    21 ||    60
